 Dungeon Crawl Stone Soup version 0.27.0-1-g7a089689b8 (webtiles) character file.

Game seed: 6245081309206056706

55 SnakkuSnakku7 the Cutter (level 3, 0/24 HPs)
             Began as a Vampire Hedge Wizard on Aug 12, 2021.
             Slain by an adder (2 damage)
             ... on level 1 of the Dungeon.
             The game lasted 00:02:51 (1304 turns).

SnakkuSnakku7 the Cutter (Vampire Hedge Wizard)     Turns: 1304, Time: 00:02:51

Health: 0/24       AC:  2    Str:  9    XL:     3   Next: 67%
Magic:  7/7        EV: 12    Int: 17    God:
Gold:   48         SH:  0    Dex: 13    Spells: 7/8 levels left

rFire    . . .     SeeInvis +   a - +0 short sword (freeze)
rCold    . . .     Faith    .   (no shield)
rNeg     . . .     Spirit   .   b - +0 robe
rPois    .         Reflect  .   c - +0 hat
rElec    .         Harm     .   (no cloak)
rCorr    .         Rampage  .   (no gloves)
Will     .....                  (no boots)
Stlth    ++........             (no amulet)
HPRegen  0.28/turn              (no ring)
MPRegen  0.10/turn              (no ring)

@: healing quickly
A: alive, fangs 3, see invisible, vampiric 2
a: Exsanguinate


You were on level 1 of the Dungeon.
You visited 1 branch of the dungeon, and saw 2 of its levels.

You collected 48 gold pieces.

Inventory:

Hand Weapons
 a - a +0 short sword of freezing (weapon)
 e - a +0 dagger
 l - a +0 short sword
Armour
 b - a +0 robe (worn)
 c - a +0 hat (worn)
 g - a +0 kite shield
Scrolls
 h - a scroll of fog {unknown}
 n - a scroll of teleportation {unknown}
Potions
 d - a potion of brilliance {unknown}
 f - a potion of might {unknown}
 m - a potion of attraction


   Skills:
 + Level 3.4 Short Blades
 - Level 2.1 Dodging
 - Level 3.0 Stealth
 + Level 1.0 Shields
 - Level 3.0 Spellcasting
 - Level 0.6 Conjurations
 - Level 1.0 Summonings
 - Level 0.7 Translocations


You had 7 spell levels left.
You knew the following spells:

 Your Spells              Type           Power      Damage    Failure   Level
a - Magic Dart            Conj           16%        1d3       14%         1

Your spell library contained the following spells:

 Spells                   Type           Power      Damage    Failure   Level
 Call Imp                 Summ           5%         N/A       17%         2
 Blink                    Tloc           N/A        N/A       21%         2
 Slow                     Hex            2%         N/A       26%         2
 Conjure Flame            Conj/Fire      3%         6-21      43%         3
 Dazzling Flash           Conj/Hex       6%         N/A       43%         3
 Mephitic Cloud           Conj/Pois/Air  3%         N/A       43%         3
 Agony                    Necr           2%         N/A       99%         5
 Silence                  Hex/Air        1%         N/A       99%         5


Dungeon Overview and Level Annotations

Branches:
Dungeon (2/15)

Altars:

Shops:
D:2 ([


Innate Abilities, Weirdness & Mutations

Your natural rate of healing is accelerated.
You have razor-sharp teeth.
You have supernaturally acute eyesight. (SInv)
You are afflicted with vampirism and can become a bat while bloodless.


Message History

The adder bites you but does no damage.
You closely miss the adder.
You feel sick. The adder completely misses you. The adder bites you.
* * * LOW HITPOINT WARNING * * *
You hit the adder but do no damage.
You feel sick. The adder bites you but does no damage.
You closely miss the adder.
You feel sick. The adder closely misses you.
You closely miss the adder.
You feel sick. The adder closely misses you.
You closely miss the adder.
You feel sick.
You are no longer poisoned.
The adder barely misses you. The adder bites you but does no damage.
You barely miss the adder. The adder misses you.
You miss the adder. The adder misses you.
You hit the adder. You freeze the adder.
The adder is heavily wounded.
The adder closely misses you.
You miss the adder.
The adder is heavily wounded.
The adder bites you but does no damage.
You barely miss the adder.
The adder is heavily wounded.
The adder misses you. x2
You barely miss the adder.
The adder is heavily wounded.
The adder misses you.
You closely miss the adder.
The adder is heavily wounded.
The adder bites you.
* * * LOW HITPOINT WARNING * * *
You hit the adder but do no damage.
The adder is heavily wounded.
The adder bites you.
* * * LOW HITPOINT WARNING * * *
You completely miss the adder.
The adder is heavily wounded.
The adder bites you but does no damage. The adder barely misses you.
You miss the adder. Your bite misses the adder.
The adder is heavily wounded.
The adder bites you.
You die...

###...#.#.......#.##########.....
..................# #####.#
###..#####.#......# #......
###..#####.#...#.#### #####.#
......##............# #.#
.......#.#.#...#.#### #.#
.###.###.#.#...#.##############.#
.###.###.#.#...S..........†...[.#
...........#.#.#@#####.##########
....####.#.#.#.#.# #.# #####
#.#.#.#.#.#####.#
#.#..........##.#
#.###.#.#....##.# #.#
#.#)####.##.######## #.###.#.#
#............#
#.......###..###########
#####........#


You could see an adder.

Vanquished Creatures
  A worm (D:2)
  A dart slug (D:1)
  2 endoplasms
  5 goblins
  2 hobgoblins (D:1)
  9 jackals
  5 kobolds
  2 quokkas (D:1)
  6 ball pythons
  5 bats (D:1)
  4 frilled lizards (D:1)
  5 rats
47 creatures vanquished.

Notes
Turn   | Place    | Note
-------+----------+-------------------------------------------
     0 | D:1      | SnakkuSnakku7 the Vampire Hedge Wizard began the quest for
                  | the Orb.
     0 | D:1      | Reached XP level 1. HP: 13/13 MP: 4/4
    86 | D:1      | Reached skill level 1 in Short Blades
   207 | D:1      | Reached XP level 2. HP: 17/19 MP: 6/6
   608 | D:1      | Gained mutation: You are afflicted with vampirism and can
                  | become a bat while bloodless. [Vampire growth]
   608 | D:1      | Reached XP level 3. HP: 19/24 MP: 7/7
  1205 | D:2      | Reached skill level 1 in Shields
  1235 | D:2      | Found Heifagia's Weapon Emporium.
  1267 | D:2      | Found Yschoys's Antique Armour Emporium.
  1283 | D:1      | HP: 1/24 [adder (4)]
  1302 | D:1      | HP: 1/24 [adder (2)]
  1304 | D:1      | Slain by an adder

Illustrated notes

Levels and vault maps discovered:
D:1:      dpeg_arrival_windows_large_door, layout_basic
D:2:      layout_basic, serial_shops, shop, shop, hangedman_decor_riveting,
          uniq_crazy_yiuf_cottage

Skill      XL: |  1  2  3 |
---------------+----------+-----
Short Blades   | 1 3 |  3.4
Shields        | 1 |  1.0
Dodging        | |  2.1
Stealth        | |  3.0
Spellcasting   | |  3.0
Conjurations   | |  0.6
Summonings     | |  1.0
Translocations | |  0.7

Action                   || total
-------------------------++-------
Melee: Dagger            ||    78
       Bite              ||    18
       Short sword       ||   170
  Use: Potion            ||     4
 Stab: Sleeping          ||     8
Armor: Robe              ||    56
Dodge: Dodged            ||   195
